 Dungeon Crawl Stone Soup version 0.27-a0-869-g165b36e3f0 (webtiles) character file.

Game seed: 5427179416406746717

36462 robertstho the Eclecticist (level 13, 0/93 HPs)
             Began as a Djinni Ice Elementalist on Apr 2, 2021.
             Was an Initiate of Gozag.
             Slain by a death yak (15 damage)
             ... on level 5 of the Lair of Beasts.
             The game lasted 00:40:43 (21704 turns).

robertstho the Eclecticist (DjIE)                  Turns: 21704, Time: 00:40:45

Health: 0/93       AC: 13    Str:  7    XL:     13   Next: 90%
Gold:   3426       EV: 14    Int: 21    God:    Gozag SH:  0 Dex: 15

rFire    + + .     SeeInvis .   o - +2 halberd (venom)
rCold    x . .     Faith    .   (shield currently unavailable)
rNeg     . . .     Spirit   .   a - +0 robe
rPois    ∞         Reflect  .   y - +1 hat
rElec    .         Harm     .   l - +0 cloak
rCorr    .         Rampage  .   w - +0 pair of gloves
Will     +....                  (boots unavailable)
Stlth    +++.......             M - amulet of regeneration
HPRegen  1.25/turn              J - +4 ring of protection
MPRegen  0.00/turn              K - +4 ring of protection

@: gold aura, flying, studying Bows
A: fire resistance 2, cold vulnerability 1, float, innate caster, hp casting,
extra vitality 1, mutation resistance 1
a: Renounce Religion, Potion Petition, Call Merchant, Bribe Branch


You were on level 5 of the Lair of Beasts.
You worshipped Gozag.
Gozag was most pleased with you.
You visited 3 branches of the dungeon, and saw 17 of its levels.

You collected 5396 gold pieces.
You spent 1371 gold pieces at shops.
You paid 599 gold pieces to Gozag.

Inventory:

Hand Weapons
 o - a +2 halberd of venom (weapon)
 q - a +1 short sword of protection
 u - a +3 mace of holy wrath
Missiles
 b - 7 atropa-tipped darts
 g - 6 throwing nets
 p - 20 curare-tipped darts
Armour
 a - a +0 robe (worn)
 l - a +0 cloak (worn)
 w - a +0 pair of gloves (worn)
 y - a +1 hat (worn)
Jewellery
 C - an amulet of the acrobat
 J - a +4 ring of protection (left hand)
 K - a +4 ring of protection (right hand)
 M - an amulet of regeneration (around neck)
Wands
 h - a wand of iceblast (9)
 r - a wand of paralysis (25)
 x - a wand of mindburst (42)
 Q - a wand of acid (8)
Scrolls
 f - 3 scrolls of enchant weapon
 i - 3 scrolls of fear
 j - 4 scrolls of magic mapping
 m - 9 scrolls of teleportation
 t - a scroll of vulnerability
 v - a scroll of torment
 D - 2 scrolls of fog
 E - 3 scrolls of summoning
 F - a scroll of silence
 G - a scroll of holy word
 L - a scroll of blinking
 P - a scroll of enchant armour
 R - a scroll of identify
Potions
 c - 3 potions of attraction
 d - 3 potions of mutation
 e - 7 potions of curing
 k - a potion of lignification
 n - 3 potions of brilliance
 z - 2 potions of ambrosia
 A - a potion of might
 B - 3 potions of haste
 H - 4 potions of heal wounds
 N - a potion of cancellation
Miscellaneous
 O - a tin of tremorstones (2/2)


   Skills:
 * Level 8.7 Fighting
 + Level 2.2 Short Blades
 + Level 0.2 Maces & Flails
 + Level 5.2 Polearms
 + Level 5.2 Dodging
 + Level 4.5 Stealth
 * Level 16.1 Spellcasting


You had 10 spell levels left.
You knew the following spells:

 Your Spells              Type           Power      Damage    Failure   Level
a - Freeze                Ice            100%       1d11      0%          1
b - Frozen Ramparts       Ice            100%       1d12      0%          3
c - Ozocubu's Armour      Ice            71%        N/A       0%          3
d - Hailstorm             Conj/Ice       71%        3d15      1%          4
e - Summon Ice Beast      Ice/Summ       71%        N/A       1%          4
f - Animate Skeleton      Necr           100%       N/A       0%          1
g - Swiftness             Air            71%        N/A       0%          2
h - Inner Flame           Hex/Fire       71%        N/A       0%          3
i - Call Canine Familiar  Summ           71%        N/A       0%          3
j - Bolt of Magma         Conj/Fire/Erth 35%        4d15      1%          5
k - Borgnjor's Vile Clut  Necr/Erth      35%        N/A       1%          5
Your spell library was empty.

Dungeon Overview and Level Annotations

Branches:
Dungeon (10/15)            Temple (1/1) D:5            Lair (6/6) D:9
  Swamp (0/4) Lair:3       Spider (0/4) Lair:4
  Slime: Lair:5-6       Orc: D:9-12

Altars:
Dithmenos
Gozag
Hepliaklqana
Kikubaaqudgha
Nemelex Xobeh
Okawaru
Qazlal
Sif Muna
Trog
Uskayaw
Wu Jian
Xom
The Shining One
Beogh

Shops:
D:8 ?

Annotations:
D:6 3 runed translucent doors, spiderkeys's ghost, novice FoFi
Lair:3 2 transporters, Skitler's ghost, journeyman HOBe


Innate Abilities, Weirdness & Mutations

You are immune to poison.
Your flesh is very heat resistant. (rF++)
You are vulnerable to cold. (rC-)
You float through the air rather than walking.
You learn spells naturally, not from books.
Your magical power is your life essence.
You have superior vitality. (+4 HP)
You are somewhat resistant to further mutation.


Message History

The eight-headed hydra is moderately wounded.
The death yak gores you but does no damage.
Unknown command.
Casting: Hailstorm (safe; 1% risk of failure)
Confirm with . or Enter, or press ? or * to list all spells.
Aiming: Bolt of Magma (safe; 1% risk of failure)
Press: ? - help, Shift-Dir - straight line, f - death yak
Aim: a death yak (10% to evade)
The bolt of magma hits the death yak!!
The death yak is almost dead.
The bolt of magma hits the eight-headed hydra!!!
The eight-headed hydra is almost dead.
The bolt of magma hits the death yak!
The death yak is lightly wounded.
The death yak gores you but does no damage.
The death yak barely misses you.
An eight-headed hydra comes into view.
Casting: Bolt of Magma (safe; 1% risk of failure)
Confirm with . or Enter, or press ? or * to list all spells.
Aiming: Bolt of Magma (safe; 1% risk of failure)
Press: ? - help, Shift-Dir - straight line, f - eight-headed hydra, p - death yak
Aim: an eight-headed hydra (almost dead, 10% to evade)
The bolt of magma hits the eight-headed hydra!!!
You kill the eight-headed hydra!
The eight-headed hydra roars!
You hear an angry hiss.
A black mamba comes into view.
The death yak gores you!! The death yak gores you! The death yak misses you.
The death yak gores you!
* * * LOW HITPOINT WARNING * * *
You fly upwards.
There is a stone staircase leading down here.
Unknown command.
As you read the scroll of fear, it crumbles to dust.
You assume a fearsome visage.
The death yak resists with almost no effort. x2
The death yak gores you!
* * * LOW HITPOINT WARNING * * *
The death yak gores you!
You die...
Your body crumbles into a pile of gold.

...........................P.....
...###....#....##.P...P....P.##..
...##....####...#.PP..#...P...#..
.................................
##PP##.....P..##P.#.#.#.#........
##......#.....#.......P...#.P....
.................................
#################################
♣.♣♣.♣♣.♣.♣.##>.@## ♣♣...♣♣
.♣.♣.♣.♣.♣.♣#..Y.Y#♣♣ ♣♣.♣.♣.♣♣ ♣
♣.♣...♣.♣.♣.∩.....∩.♣♣♣.♣♣.♣♣.♣♣♣
h♣.♣.♣.♣.♣.♣#.....#♣.♣h♣♣♣.♣♣♣.♣h
♣.♣♣.♣♣.♣.♣.##.>.##♣♣.♣♣ ♣.♣ ♣♣.♣
###♣.♣############ ### ♣.♣ ###
##♣...♣# ♣.♣ ♣.♣ ### .#.♣♣♣.#
♣♣♣♣♣♣.♣♣♣♣♣♣ ♣.♣ #.## .#.♣ ♣.#
♣...........♣ ♣♣.♣♣#...


You could see 2 death yaks.

Vanquished Creatures
  A dire elephant (Lair:5)
  Snorg (Lair:5)
  A hydra (Lair:6)
  Erolcha (D:9)
  Harold (D:9)
  2 two-headed ogres
  A catoblepas (Lair:4)
  10 death yaks
  Urug (Lair:4)
  Sonja (D:10)
  Pikel (D:5)
  6 elephants
  Maurice (D:9)
  3 black mambas
  2 gargoyles (D:10)
  2 cane toads
  8 komodo dragons
  A kobold demonologist (D:10)
  2 hornets (D:10)
  A polar bear (Lair:5)
  2 jumping spiders (Lair:4)
  Prince Ribbit (D:4)
  Grinder (D:5)
  3 blink frogs (Lair:3)
  A wyvern (Lair:3)
  3 wraiths (Lair:5)
  3 redbacks (Lair:4)
  9 yaks
  3 water moccasins
  3 orc warriors
  A hornet zombie (D:8)
  2 sky beasts (D:6)
  2 ice beasts (D:6)
  A black bear (D:8)
  4 ogres
  2 centaurs
  3 lemures (D:5)
  11 kobold brigands
  3 bullfrogs
  A wight (D:9)
  3 howler monkeys (D:9)
  A bullfrog zombie (D:6)
  4 hounds
  A jelly (D:8)
  3 orc priests
  A bullfrog skeleton (D:4)
  4 gnoll shamans
  A centaur skeleton (D:6)
  An iguana (D:6)
  An orc wizard (D:5)
  5 hell rats (Lair:5)
  A hound skeleton (D:4)
  A howler monkey zombie (D:9)
  Robin (D:3)
  A howler monkey skeleton (D:7)
  5 adders
  19 gnolls
  2 shadow imps (D:6)
  3 white imps (D:6)
  A worm (D:2)
  2 dart slugs
  30 orcs
  6 endoplasms
  2 giant cockroaches
  16 goblins
  12 hobgoblins
  6 jackals
  4 quokkas
  8 ball pythons
  3 bats
  3 frilled lizards (D:1)
  21 kobolds
  A quokka skeleton (D:4)
  9 rats
288 creatures vanquished.

Vanquished Creatures (collateral kills)
  Kirke (Lair:5)
  Josephine (Lair:5)
  A boulder beetle (Lair:5)
  A two-headed ogre (D:10)
  2 catoblepae (Lair:5)
  2 oklob plants (Lair:5)
  5 elephants
  2 black mambas
  An unseen horror (D:8)
  3 cane toads
  2 trolls
  4 komodo dragons
  2 blink frogs (Lair:3)
  A dream sheep (Lair:5)
  A meliai zombie (D:10)
  15 yaks
  3 basilisks
  A wraith (Lair:5)
  3 hogs (Lair:5)
  A steam dragon (D:7)
  2 water moccasins
  A black bear (Lair:3)
  3 orc warriors
  2 ice beasts (D:6)
  An ogre (D:6)
  A centaur (D:8)
  4 kobold brigands (D:10)
  4 bullfrogs
  A scorpion (Lair:3)
  A water moccasin skeleton (D:6)
  3 wights (D:9)
  A jelly (D:6)
  A centaur zombie (D:5)
  An iguana (D:5)
  2 orc wizards
  3 hell rats (Lair:5)
  A killer bee zombie (D:8)
  4 gnolls
  A howler monkey skeleton (D:5)
  11 orcs
  A jackal (D:5)
  2 kobolds
103 creatures vanquished.

Vanquished Creatures (others)
  4 humans (Lair:5)
  A bush (Lair:5)
  26 fungi
  30 plants
61 creatures vanquished.

Grand Total: 452 creatures vanquished

Notes
Turn   | Place    | Note
-------+----------+-------------------------------------------
     0 | D:1      | robertstho the Djinni Ice Elementalist began the quest for
                  | the Orb.
     0 | D:1      | Reached XP level 1. HP: 15/15 MP: 0/0
   445 | D:1      | Reached XP level 2. HP: 19/21 MP: 0/0
   498 | D:1      | Reached skill level 4 in Spellcasting
  1474 | D:1      | Reached XP level 3. HP: 18/25 MP: 0/0
  1474 | D:1      | Learned a level 1 spell: Animate Skeleton
  2782 | D:3      | Reached XP level 4. HP: 14/31 MP: 0/0
  2970 | D:3      | Noticed Robin
  3659 | D:2      | Reached skill level 5 in Spellcasting
  4081 | D:3      | Reached skill level 1 in Fighting
  4177 | D:3      | Killed Robin
  4178 | D:3      | Reached XP level 5. HP: 20/37 MP: 0/0
  4178 | D:3      | Learned a level 2 spell: Swiftness
  4820 | D:4      | Noticed an ogre
  4826 | D:4      | Killed an ogre
  4827 | D:4      | Reached skill level 1 in Short Blades
  5111 | D:4      | Noticed an ogre
  5119 | D:4      | Killed an ogre
  5120 | D:4      | Reached XP level 6. HP: 26/43 MP: 0/0
  5867 | D:4      | Reached XP level 7. HP: 38/49 MP: 0/0
  5867 | D:4      | Learned a level 3 spell: Inner Flame
  5869 | D:4      | Reached skill level 6 in Spellcasting
  6625 | D:5      | Entered Level 5 of the Dungeon
  6625 | D:5      | Noticed Prince Ribbit
  6636 | D:4      | Gained mutation: You are somewhat resistant to further
                  | mutation. [potion of mutation]
  6640 | D:4      | Killed Prince Ribbit
  6641 | D:4      | Reached XP level 8. HP: 10/55 MP: 0/0
  6918 | D:5      | Reached skill level 7 in Spellcasting
  7647 | D:5      | Found a bloodstained altar of Trog.
  7707 | D:5      | Found a hazy altar of Hepliaklqana.
  7800 | D:5      | Noticed Pikel
  7806 | D:5      | Killed Pikel
  7807 | D:5      | Reached skill level 1 in Polearms
  7807 | D:5      | Reached skill level 8 in Spellcasting
  7952 | D:5      | Found a staircase to the Ecumenical Temple.
  7965 | Temple   | Entered the Ecumenical Temple
  7990 | Temple   | Became a worshipper of Gozag Ym Sagoz the Greedy
  8109 | D:5      | Noticed Grinder
  8120 | D:5      | Killed Grinder
  8121 | D:5      | Reached XP level 9. HP: 25/61 MP: 0/0
  8121 | D:5      | Learned a level 3 spell: Call Canine Familiar
  8708 | D:6      | Reached skill level 9 in Spellcasting
  8855 | D:6      | Found a runed translucent gate.
  8855 | D:6      | Found a runed translucent gate.
  8856 | D:6      | Found a runed translucent gate.
  8945 | D:6      | Found a stormy altar of Qazlal.
  9541 | D:6      | Noticed a boulder beetle
  9552 | D:6      | Noticed spiderkeys's ghost (novice FoFi)
  9735 | D:6      | HP: 2/62 [ice beast (19)]
 10729 | D:7      | Noticed a troll
 10737 | D:7      | Killed a troll
 11911 | D:8      | Reached XP level 10. HP: 46/69 MP: 0/0
 12318 | D:8      | Reached skill level 10 in Spellcasting
 12509 | D:8      | Reached skill level 5 in Fighting
 12660 | D:8      | Noticed a two-headed ogre
 12673 | D:8      | Killed a two-headed ogre
 13004 | D:8      | Killed an unseen horror
 13077 | D:8      | Bought a scroll of identify for 30 gold pieces
 13077 | D:8      | Bought a scroll of identify for 30 gold pieces
 13077 | D:8      | Bought a scroll of teleportation for 45 gold pieces
 13077 | D:8      | Bought 3 scrolls of fear for 157 gold pieces
 13077 | D:8      | Bought a scroll of fog for 30 gold pieces
 13077 | D:8      | Bought a scroll of summoning for 142 gold pieces
 13077 | D:8      | Bought a scroll of silence for 112 gold pieces
 13253 | D:9      | Noticed Maurice
 13255 | D:9      | Paralysed by Maurice for 7 turns
 13266 | D:9      | Killed Maurice
 13352 | D:9      | Noticed a two-headed ogre
 13359 | D:9      | Killed a two-headed ogre
 13360 | D:9      | Reached skill level 11 in Spellcasting
 13469 | D:9      | Noticed Erolcha
 13475 | D:9      | Killed Erolcha
 13476 | D:9      | Reached XP level 11. HP: 57/76 MP: 0/0
 13476 | D:9      | Learned a level 5 spell: Bolt of Magma
 13640 | D:9      | Found an iron altar of Okawaru.
 14036 | D:9      | Noticed a death yak
 14037 | D:9      | Noticed a death yak
 14037 | D:9      | Noticed a death yak
 14038 | D:9      | Noticed a death yak
 14040 | D:9      | Noticed a death yak
 14041 | D:9      | Noticed a death yak
 14042 | D:9      | Noticed a death yak
 14047 | D:9      | Killed a death yak
 14047 | D:9      | Killed a death yak
 14763 | D:9      | Reached skill level 12 in Spellcasting
 14952 | D:9      | Noticed Harold
 14959 | D:9      | Killed Harold
 14986 | D:9      | Found a staircase to the Lair.
 14996 | Lair:1   | Entered Level 1 of the Lair of Beasts
 16317 | D:9      | Killed a death yak
 16318 | D:9      | Killed a death yak
 16318 | D:9      | Killed a death yak
 16320 | D:9      | Killed a death yak
 16321 | D:9      | Reached skill level 13 in Spellcasting
 16322 | D:9      | Killed a death yak
 16323 | D:9      | Reached XP level 12. HP: 24/84 MP: 0/0
 16737 | D:10     | Entered Level 10 of the Dungeon
 16990 | D:10     | Noticed Sonja
 16997 | D:10     | Killed Sonja
 17324 | D:10     | Noticed a two-headed ogre
 17338 | D:10     | Killed a two-headed ogre
 17530 | D:8      | Bought a scroll of teleportation for 45 gold pieces
 17530 | D:8      | Bought a scroll of acquirement for 780 gold pieces
 17530 | D:8      | Acquired 1210 gold pieces
 17532 | D:8      | Acquired 560 gold pieces
 18489 | Lair:3   | Found a staircase to the Swamp.
 18644 | Lair:3   | Reached skill level 14 in Spellcasting
 19039 | Lair:3   | Found a transporter.
 19060 | Lair:3   | Found a transporter.
 19116 | Lair:3   | Noticed Skitler's ghost (journeyman HOBe)
 19343 | Lair:4   | Noticed Urug
 19343 | Lair:4   | Noticed a death yak
 19347 | Lair:4   | Noticed a death yak
 19349 | Lair:4   | Noticed a death yak
 19351 | Lair:4   | Reached skill level 5 in Dodging
 19353 | Lair:4   | Killed a death yak
 19355 | Lair:4   | Killed a death yak
 19355 | Lair:4   | Killed a death yak
 19357 | Lair:4   | Killed Urug
 19383 | Lair:4   | Reached XP level 13. HP: 62/92 MP: 0/0
 19383 | Lair:4   | Learned a level 5 spell: Borgnjor's Vile Clutch
 19865 | Lair:4   | Found a hole to the Spider Nest.
 19929 | Lair:4   | Reached skill level 5 in Polearms
 19929 | Lair:4   | Reached skill level 15 in Spellcasting
 20330 | Lair:5   | Noticed Kirke
 20370 | Lair:5   | Killed Kirke
 20621 | Lair:5   | Noticed Snorg
 20630 | Lair:5   | Killed Snorg
 20907 | Lair:5   | Noticed a dire elephant
 20937 | Lair:5   | Killed a dire elephant
 21025 | Lair:5   | Noticed Josephine
 21033 | Lair:5   | Killed Josephine
 21407 | Lair:5   | Reached skill level 16 in Spellcasting
 21690 | Lair:6   | Entered Level 6 of the Lair of Beasts
 21704 | Lair:5   | Slain by a death yak

Illustrated notes

Levels and vault maps discovered:
D:1:      nagdon_arrival_zigzag_paths, layout_loops_corners, minmay_distorted
D:2:      minmay_chambers_of_twos, layout_basic, grunt_decor_cap
D:3:      layout_loops_ring, uniq_robin
D:4:      minmay_chambers_of_fours, layout_basic, minmay_manual_mess
D:5:      layout_cave_pools, lemuel_doored_altar, amcnicky_altar_gilded,
          minmay_temple_entry_ruins, uniq_prince_ribbit1, uniq_pikel,
          uniq_grinder
D:6:      layout_basic, nicolae_qazlal_scattered_showers, gammafunk_ghost_split
D:7:      layout_basic
D:8:      layout_loops_ring, special_room [special_room_orc], serial_aquarium,
          aquarium_bridge_island_small [aquarium_subvault_small_open,
          aquarium_subvault_balcony, aquarium_subvault_wall,
          aquarium_subvault_bridge, aquarium_subvault_window],
          aquarium_bridge_square [aquarium_subvault_bridge,
          aquarium_subvault_bridge, aquarium_subvault_window,
          aquarium_subvault_bridge], aquarium_window_1, aquarium_window_1,
          aquarium_window_fake, aquarium_window_1, aquarium_view_2d,
          aquarium_view_2f, kennysheep_small_circle
D:9:      layout_layer_cave, lemuel_tele_altar, dpeg_lair_monsters,
          supply_closet_lemuel, minmay_misc_feat_chi, uniq_harold, uniq_erolcha,
          uniq_maurice
D:10:     layout_roguey, special_room [special_room_kobold], uniq_sonja
Temple:   compressed_dpeg_circular_temple
Lair:1:   layout_misc_corridors
Lair:2:   layout_cellular_growth, nicolae_quartered_pool_little,
          infiniplex_staircase_pool
Lair:3:   layout_gridlike, swamp_mist, gammafunk_ghost_hive,
          nicolae_lair_grove_arrangements, grunt_megastairs_3
Lair:4:   layout_regular_city, nicolae_spider_entry_tight_spaces, uniq_urug
Lair:5:   nzn_winding_woodlands_stair_trap [nzn_winding_woodlands_5x15_crooked,
          nzn_winding_woodlands_5x15_pockets, nzn_winding_woodlands_5x15_zeroes,
          nzn_winding_woodlands_15x15_killbox,
          nzn_winding_woodlands_5x15_default,
          nzn_winding_woodlands_5x15_split_checker,
          nzn_winding_woodlands_5x15_sawtooth], layout_long_grid,
          minmay_lair_oklob_chamber, uniq_kirke, uniq_josephine, uniq_snorg
Lair:6:   evil_forest, layout_cellular_growth, minmay_slime_entry_oklob_open,
          st_stairs_9, lemuel_fruit_tree

Skill      XL: |  1  2  3  4  5  6  7  8  9 10 11 12 13 |
---------------+----------------------------------------+-----
Spellcasting   | 4 5 6 8 9 11 13 14 16 | 16.1
Fighting       | 1 2 3 4 5 6 8 |  8.7
Short Blades   | 1 2 |  2.2
Stealth        | 2 3 4 |  4.5
Polearms       | 1 3 4 5 |  5.2
Dodging        | 3 4 5 |  5.2
Maces & Flails | |  0.2

Action                   |  1- 3 |  4- 6 |  7- 9 | 10-12 | 13-15 || total
-------------------------+-------+-------+-------+-------+-------++-------
Melee: Dagger            |    45 |    24 |       |       |       ||    69
       Unarmed           |     2 |       |       |       |       ||     2
       Short sword       |       |    57 |     1 |       |       ||    58
       Whip              |       |    10 |       |       |       ||    10
       Mace              |       |     4 |       |       |       ||     4
       Halberd           |       |       |    93 |    67 |    17 ||   177
 Cast: Freeze            |    49 |    24 |     4 |     3 |       ||    80
       Frozen Ramparts   |       |     9 |    13 |     7 |       ||    29
       Ozocubu's Armour  |       |     3 |     2 |     1 |       ||     6
       Hailstorm         |       |     2 |    48 |    79 |    31 ||   160
       Summon Ice Beast  |       |       |    42 |   102 |    50 ||   194
       Bolt of Magma     |       |       |       |    29 |    24 ||    53
       Call Canine Famil |       |       |       |     8 |    12 ||    20
       Borgnjor's Vile C |       |       |       |       |     9 ||     9
Invok: Call Merchant     |       |       |       |     1 |       ||     1
Evoke: Wand              |       |       |       |       |     1 ||     1
  Use: Scroll            |       |     1 |     3 |    15 |     5 ||    24
       Potion            |       |       |     3 |     3 |       ||     6
 Stab: Sleeping          |     5 |     6 |     3 |     1 |       ||    15
       Distracted        |       |       |     1 |     1 |       ||     2
Armor: Robe              |    10 |    22 |    32 |    30 |     8 ||   102
Dodge: Dodged            |    56 |    66 |    59 |    81 |    12 ||   274

Table legend: (Time is in decaauts)
 A = Elapsed time spent in this place.
 B = Non-inter-level travel time spent in this place.
 C = Inter-level travel time spent in this place.
 D = Time resting spent in this place.
 E = Time spent auto-exploring this place.
 F = Levels seen in this place.
 G = Mean time per level.
                   A        B        C        D        E       F      G
               +--------+--------+--------+--------+--------+-----+--------+
         Total |  21792 |  20740 |   1052 |   2799 |  15383 |  17 | 1281.9 |
       Dungeon |  16330 |  15493 |    837 |   2499 |  11173 |  10 | 1633.0 |
        Temple |     39 |     25 |     14 |      0 |     21 |   1 |   39.0 |
          Lair |   5422 |   5221 |    201 |    300 |   4189 |   6 |  903.7 |
               +--------+--------+--------+--------+--------+-----+--------+

Top non-repeatable levels by time:
     D:9: 2349 daAuts
     D:6: 2116 daAuts
     D:2: 2056 daAuts
     D:1: 1990 daAuts
     D:4: 1891 daAuts
     D:5: 1495 daAuts
     D:8: 1384 daAuts
  Lair:5: 1380 daAuts
     D:7: 1342 daAuts
  Lair:1: 1312 daAuts
     D:3: 985 daAuts
  Lair:4: 978 daAuts
  Lair:2: 878 daAuts
  Lair:3: 863 daAuts
    D:10: 717 daAuts
